 Dungeon Crawl Stone Soup version 0.26-a0-812-g31a745ddcd (webtiles) character file.

Game seed: 2410795420393738035

115 vurker the Sneak (level 5, 0/37 HPs)
             Began as a Gnoll Enchanter on Nov 28, 2020.
             Slain by a shadow imp (2 damage)
             ... summoned by Natasha
             ... on level 2 of the Dungeon.
             The game lasted 00:03:13 (1932 turns).

vurker the Sneak (Gnoll Enchanter)                  Turns: 1932, Time: 00:03:13

Health: 0/37       AC:  2    Str: 10    XL:     5   Next: 0%
Magic:  12/12      EV: 17    Int: 19    God:
Gold:   156        SH:  5    Dex: 11    Spells: 13/14 levels left

rFire    . . .     SeeInvis .   a - +1 dagger
rCold    . . .     Faith    .   j - +2 buckler
rNeg     . . .     Spirit   .   b - +0 robe
rPois    .         Reflect  .   (no helmet)
rElec    .         Harm     .   (no cloak)
rCorr    .         Rampage  .   (no gloves)
MR       .....                  (no boots)
Stlth    +++.......             (no amulet)
HPRegen  0.12/turn              n - +4 ring of evasion
MPRegen  0.13/turn              o - -4 ring of dexterity (curse)

@: no status effects
A: distributed training, fangs 1, strong nose
a: no special abilities


You were on level 2 of the Dungeon.
You visited 1 branch of the dungeon, and saw 3 of its levels.

You collected 156 gold pieces.

Inventory:

Hand Weapons
 a - a +1 dagger (weapon)
Armour
 b - a +0 robe (worn)
 d - a +0 chain mail
   (You found it on level 1 of the Dungeon)
 j - a +2 buckler (worn)
   (You found it on level 1 of the Dungeon)
Jewellery
 g - an uncursed ring of ice
   (You found it on level 2 of the Dungeon)
 k - an uncursed ring of resist corrosion
   (You found it on level 1 of the Dungeon)
 n - a +4 ring of evasion (left hand)
   (You found it on level 1 of the Dungeon)
 o - a cursed -4 ring of dexterity (right hand)
   (You found it on level 1 of the Dungeon)
Wands
 x - a wand of acid (3)
   (You found it on level 2 of the Dungeon)
Scrolls
 c - a scroll of magic mapping
Potions
 e - a potion of heal wounds {unknown}
 f - 3 potions of curing
 h - a potion of cancellation {unknown}
 i - a potion of haste {unknown}
 l - a potion of degeneration {unknown}
 m - a potion of lignification {unknown}


   Skills:
 + Level 1.3 Fighting
 + Level 2.8 Short Blades
 + Level 1.3 Long Blades
 + Level 1.3 Axes
 + Level 1.3 Maces & Flails
 + Level 1.3 Polearms
 + Level 1.3 Staves
 + Level 1.3 Slings
 + Level 1.3 Bows
 + Level 1.3 Crossbows
 + Level 1.3 Throwing
 + Level 1.3 Armour
 + Level 4.7 Dodging
 + Level 6.1 Stealth
 + Level 1.3 Shields
 + Level 1.3 Unarmed Combat
 + Level 5.1 Spellcasting
 + Level 1.0 Conjurations
 + Level 5.5 Hexes
 + Level 1.0 Summonings
 + Level 1.0 Necromancy
 + Level 1.0 Translocations
 + Level 1.0 Transmutations
 + Level 1.0 Fire Magic
 + Level 1.0 Ice Magic
 + Level 1.0 Air Magic
 + Level 1.0 Earth Magic
 + Level 1.0 Poison Magic
 + Level 1.4 Invocations
 + Level 1.3 Evocations


You had 13 spell levels left.
You knew the following spells:

 Your Spells              Type           Power        Failure   Level
a - Corona                Hex            ####...      1%          1

Your spell library contained the following spells:

 Spells                   Type           Power        Failure   Level
 Confusing Touch          Hex            ####....     5%          3
 Tukima's Dance           Hex            ####....     5%          3
 Ensorcelled Hibernation  Hex/Ice        ###...       7%          2
 Dazzling Flash           Conj/Hex       ###...       13%         3


Dungeon Overview and Level Annotations

Branches:
Dungeon (3/15)

Altars:

Annotations:
D:2 Natasha


Innate Abilities, Weirdness & Mutations

Your experience applies equally to all skills.
You have very sharp teeth.
Your uncanny sense of smell can sniff out nearby items.


Message History

Orders for allies: a - Attack new target. r - Retreat! s - Stop attacking. g - Guard the area. f - Follow me.
Anything else - Cancel.
You bark for attention!
You hear an angry hiss.
What are your orders? t - Bark!
Orders for allies: a - Attack new target. r - Retreat! s - Stop attacking. g - Guard the area. f - Follow me.
Anything else - Cancel.
You bark for attention!
You block Natasha's attack.
You hit Natasha.
Natasha casts a spell.
You hit Natasha. Natasha claws you.
You barely miss Natasha. You bite Natasha. The shadow imp closely misses you.
Natasha drinks a potion.
Natasha flickers and vanishes!
Deactivating autopickup; reactivate with Ctrl-A.
You completely miss the shadow imp. The shadow imp hits you.
You hit the shadow imp.
You hear some strange, mumbled words.
Something tries to affect you, but you resist.
The shadow imp gestures at you. Pain shoots through your body!
You closely miss the shadow imp. Something claws you.
The shadow imp hits you but does no damage.
You hit the shadow imp. Something completely misses you.
The shadow imp disappears for a moment.
The shadow imp closely misses you.
You barely miss the shadow imp. Something claws you.
* * * LOW HITPOINT WARNING * * *
The shadow imp closely misses you.
You hit something. Your bite misses something. Something claws you.
* * * LOW HITPOINT WARNING * * *
The shadow imp misses you.
You hit something but do no damage.
You hear some strange, mumbled words.
A magic dart appears from out of thin air!
The magic dart hits you.
* * * LOW HITPOINT WARNING * * *
You miss something. You bite something. The shadow imp closely misses you.
You closely miss something.
You hear some strange, mumbled words.
A magic dart appears from out of thin air!
The magic dart hits you!
* * * LOW HITPOINT WARNING * * *
The shadow imp disappears for a moment.
The shadow imp hits you.
You die...

*,,* *,,,,,,,<,,* #..#
***,******** #..# *,*
*..## *,* *...# *,* *#..#
*,* ###..# *,* *#####...5#
*,********** *......{@.#
*,,,,,,,,,,, *.####.##.#
************
*,####.##.######******
**,#..............,,,,****
*,,#.##.######....,,†,,,,,
*,**,*#.# *,*##,**[***,
*,**,*#.# *,* *,*,,,,,†
*,**,*#># *,* *,*,,***,
*,**,*#.# *,***,*,,* *,


You could see a shadow imp (summoned).

Vanquished Creatures
  Natasha (twice) (D:2)
  2 adders (D:2)
  2 worms (D:2)
  A dart slug (D:1)
  5 bats
  A giant cockroach (D:1)
  5 hobgoblins
  8 jackals (D:2)
  A frilled lizard (D:1)
  4 goblins
  4 kobolds
  7 rats
42 creatures vanquished.

Notes
Turn   | Place    | Note
-------+----------+-------------------------------------------
     0 | D:1      | vurker the Gnoll Enchanter began the quest for the Orb.
     0 | D:1      | Reached XP level 1. HP: 13/13 MP: 6/6
   175 | D:1      | Reached XP level 2. HP: 19/19 MP: 7/7
   659 | D:2      | Noticed Natasha
   666 | D:2      | Killed Natasha
   666 | D:2      | Reached skill level 6 in Stealth
   666 | D:2      | Reached skill level 5 in Spellcasting
   666 | D:2      | Reached skill level 1 in Invocations
   666 | D:2      | Reached XP level 3. HP: 25/25 MP: 7/9
   781 | D:2      | Reached skill level 1 in Fighting
   781 | D:2      | Reached skill level 1 in Long Blades
   781 | D:2      | Reached skill level 1 in Axes
   781 | D:2      | Reached skill level 1 in Maces & Flails
   781 | D:2      | Reached skill level 1 in Polearms
   781 | D:2      | Reached skill level 1 in Staves
   781 | D:2      | Reached skill level 1 in Slings
   781 | D:2      | Reached skill level 1 in Bows
   781 | D:2      | Reached skill level 1 in Crossbows
   781 | D:2      | Reached skill level 1 in Throwing
   781 | D:2      | Reached skill level 1 in Armour
   781 | D:2      | Reached skill level 1 in Shields
   781 | D:2      | Reached skill level 1 in Unarmed Combat
   781 | D:2      | Reached skill level 1 in Evocations
   790 | D:2      | Reached XP level 4. HP: 20/32 MP: 11/11
  1235 | D:2      | Noticed Natasha
  1447 | D:2      | Killed Natasha
  1447 | D:2      | Reached skill level 1 in Conjurations
  1447 | D:2      | Reached skill level 1 in Summonings
  1447 | D:2      | Reached skill level 1 in Necromancy
  1447 | D:2      | Reached skill level 1 in Translocations
  1447 | D:2      | Reached skill level 1 in Transmutations
  1447 | D:2      | Reached skill level 1 in Fire Magic
  1447 | D:2      | Reached skill level 1 in Ice Magic
  1447 | D:2      | Reached skill level 1 in Air Magic
  1447 | D:2      | Reached skill level 1 in Earth Magic
  1447 | D:2      | Reached skill level 1 in Poison Magic
  1886 | D:3      | Reached XP level 5. HP: 37/37 MP: 12/12
  1908 | D:2      | Noticed Natasha
  1932 | D:2      | Slain by a shadow imp

Illustrated notes

Levels and vault maps discovered:
D:1:      lightli_arrival_quake, layout_rooms, serial_park_tiny_2,
          grunt_decor_junction
D:2:      layout_loops_ring, uniq_natasha
D:3:      layout_basic, gammafunk_ghost_icy

Skill      XL: |  1  2  3  4 |
---------------+-------------+-----
Stealth        | 6 |  6.1
Spellcasting   | 5 |  5.1
Invocations    | 1 |  1.4
Fighting       | 1 |  1.3
Long Blades    | 1 |  1.3
Axes           | 1 |  1.3
Maces & Flails | 1 |  1.3
Polearms       | 1 |  1.3
Staves         | 1 |  1.3
Slings         | 1 |  1.3
Bows           | 1 |  1.3
Crossbows      | 1 |  1.3
Throwing       | 1 |  1.3
Armour         | 1 |  1.3
Shields        | 1 |  1.3
Unarmed Combat | 1 |  1.3
Evocations     | 1 |  1.3
Conjurations   | 1 |  1.0
Summonings     | 1 |  1.0
Necromancy     | 1 |  1.0
Translocations | 1 |  1.0
Transmutations | 1 |  1.0
Fire Magic     | 1 |  1.0
Ice Magic      | 1 |  1.0
Air Magic      | 1 |  1.0
Earth Magic    | 1 |  1.0
Poison Magic   | 1 |  1.0
Short Blades   | |  2.8
Dodging        | |  4.7
Hexes          | |  5.5

Action                   |  1- 3 |  4- 6 || total
-------------------------+-------+-------++-------
Melee: Dagger            |    63 |   112 ||   175
       Bite              |     4 |     8 ||    12
  Use: Scroll            |     4 |       ||     4
 Stab: Sleeping          |    12 |     5 ||    17
       Distracted        |       |     1 ||     1
Armor: Robe              |     4 |    18 ||    22
Dodge: Dodged            |    27 |   145 ||   172
Block: Buckler           |     8 |    35 ||    43

Table legend: (Time is in decaauts)
 A = Elapsed time spent in this place.
 B = Non-inter-level travel time spent in this place.
 C = Inter-level travel time spent in this place.
 D = Time resting spent in this place.
 E = Time spent auto-exploring this place.
 F = Levels seen in this place.
 G = Mean time per level.
                   A        B        C        D        E       F      G
               +--------+--------+--------+--------+--------+-----+--------+
         Total |   1909 |   1887 |     22 |      0 |   1481 |   3 |  636.3 |
       Dungeon |   1909 |   1887 |     22 |      0 |   1481 |   3 |  636.3 |
               +--------+--------+--------+--------+--------+-----+--------+

Top non-repeatable levels by time:
     D:2: 1286 daAuts
     D:1: 592 daAuts
     D:3: 30 daAuts
